[Event "Late-Titled-Tuesday-Blitz-May-14-2024"]
[Site "Chess.com"]
[Date "2024.05.14"]
[Round "4"]
[White "klifus"]
[Black "Nechitaylo_Nikita"]
[Result "1-0"]
[WhiteElo "2147"]
[BlackElo "2333"]
[TimeControl "180+1"]
[EndTime "14:39:33 PDT"]
[Termination "klifus won on time"]

1. e4 c5 2. Nf3 d6 3. d4 cxd4 4. Nxd4 Nf6 5. f3 Nc6 6. Be3 e5 7. Nb3 d5 8. exd5 Nxd5 9. Bf2 Be6 10. c4 Bb4+ 11. N1d2 Nf4 12. g3 Nd3+ 13. Bxd3 Qxd3 14.
Qe2 Bxc4 15. Qxd3 Bxd3 16. a3 Be7 17. Nc5 b6 18. Nxd3 O-O 19. Ke2 Rfd8 20. Rhd1 f5 21. Nc4 Bf6 22. Nb4 Nxb4 23. axb4 Rdc8 24. Nd6 Rc2+ 25. Kf1 Rxb2 26. b5 Be7 27. Nxf5 Bf6 28. Rd7 e4 29. Raxa7 Rxa7 30. Rxa7 exf3 31. Bd4 Bxd4 32.
Nxd4 Rxh2 33. Nxf3 Rb2 34. Nd4 Rb4 35. Rd7 g6 36.
Kf2 h5 37. Kf3 g5 38. Rd5 Rc4 39. Rxg5+ Kf7 40. Rd5 h4 41. gxh4 Rc3+ 42. Kg4 Kg6 43. Rd6+ Kf7 44. h5 Kg7 45. h6+ Kh7 46. Rxb6 Rc4 47.
Rd6 Rb4 48. Kg5 Rb1 49. Rd7+ Kh8 50. Nf5 Rg1+ 51. Kf6 Rg8 52. b6 1-0

[Event "Late-Titled-Tuesday-Blitz-May-14-2024"]
[Site "Chess.com"]
[Date "2024.05.14"]
[Round "4"]
[White "volcanoexplorer"]
[Black "yobdc"]
[Result "0-1"]
[WhiteElo "2703"]
[BlackElo "2499"]
[TimeControl "180+1"]
[EndTime "14:39:35 PDT"]
[Termination "yobdc won by checkmate"]

1. e4 c5 2. Nf3 Nf6 3. e5 Nd5 4. Nc3 Nxc3 5. dxc3 Nc6 6. Bf4 Qb6 7. b3 Qc7 8. Qd2 e6 9. Be2 b6 10. O-O h6 11. Bg3 Bb7 12. Rfd1 Ne7 13. Qf4 Nf5 14. Nd2 g5 15. Qg4 h5 16. Qxg5 Be7 17. Qf4 h4 18. Bg4 hxg3 19. hxg3 Nh6 20. Be2 d5 21. exd6 Bxd6 22.
Bb5+ Kf8 23. Qf6 Be5 24. Qg5 f6 25. Qe3 Nf5 26. Qd3 Qh7 27. f4 Qh1+ 28. Kf2 Qxg2+ 29. Ke1 Rh2 30. Rdb1 Nxg3 31. fxe5 Qf2+ 32. Kd1 Rh1+ 33. Nf1 Rxf1+ 34. Qxf1 Nxf1 35. Kc1 Ne3 36. Bd3 Rd8 37.
Bg6 f5 38. Kb2 Qxc2+ 39. Ka3 Qxc3 40. Rh1 Qa5+ 41. Kb2 Rd2+ 42. Kb1 Qc3 43. Rh8+ Kg7 44. Rh7+ Kg8 45. Rh6 Qb2# 0-1

[Event "Late-Titled-Tuesday-Blitz-May-14-2024"]
[Site "Chess.com"]
[Date "2024.05.14"]
[Round "4"]
[White "MyDream003"]
[Black "RantomOpening"]
[Result "0-1"]
[WhiteElo "2831"]
[BlackElo "2590"]
[TimeControl "180+1"]
[EndTime "14:39:36 PDT"]
[Termination "RantomOpening won on time"]

1. e4 c5 2. Nf3 e6 3. d4 cxd4 4. Nxd4 Nf6 5. Nc3 Nc6 6. Ndb5 Bc5 7. Bf4 O-O 8. Bc7 Qe7 9. Bd6 Bxd6 10. Qxd6 Qd8 11.
O-O-O a6 12. Nd4 Ne7 13. g4 b5 14. g5 Ne8 15. Qg3 Bb7 16. Bd3 b4 17. Nce2 d5 18. e5 a5 19. Nf4 Ba6 20. h4 a4 21. h5 Qc7 22. Bxh7+ Kxh7 23. g6+ Kg8 24. h6 Qxe5 25. hxg7 Nxg7 26. Nf3 Qf5 27. Nd4 Qe5 28. Nf3 Qf5 29.
Ng5 fxg6 30. Rh4 Rac8 31. Rh8+ Kxh8 32. Rh1+ Nh5 33. c3 Qxf4+ 0-1

[Event "Late-Titled-Tuesday-Blitz-May-14-2024"]
[Site "Chess.com"]
[Date "2024.05.14"]
[Round "4"]
[White "Sacbutt"]
[Black "Bykov_Egor"]
[Result "1-0"]
[WhiteElo "2367"]
[BlackElo "2624"]
[TimeControl "180+1"]
[EndTime "14:39:36 PDT"]
[Termination "Sacbutt won by resignation"]

1. e4 c5 2. Nf3 e6 3. d4 cxd4 4. c3 dxc3 5. Nxc3 Nc6 6. Bc4 Nf6 7. Qe2 d6 8. O-O a6 9. Rd1 Qc7 10. Bf4 Ne5 11. Bb3 Be7 12. Rac1 Qb8 13. a4 O-O 14. a5 Bd7 15. Ba4 Rd8 16. Bxd7 Nfxd7 17. Na4 Bf6 18.
Nxe5 Bxe5 19. Bxe5 dxe5 20. Qc4 b5 21. Qc6 bxa4 22.
Rxd7 Qxb2 23. Rcd1 Rf8 24. Qxa8 g6 25. Qxa6 a3 26.
Qf1 Ra8 27. Rd8+ Rxd8 28. Rxd8+ Kg7 29. Rd1 a2 30. Ra1 Qb3 31. a6 Qa3 32. h3 Qa4 33.
Qd1 Qxa6 34. Qc2 Qa5 35. Qxa2 Qb4 36. Qc2 Qd4 37. Rd1 h5 38. Rxd4 1-0

[Event "Late-Titled-Tuesday-Blitz-May-14-2024"]
[Site "Chess.com"]
[Date "2024.05.14"]
[Round "4"]
[White "Mbneu"]
[Black "jinbojinbo"]
[Result "0-1"]
[WhiteElo "2258"]
[BlackElo "2633"]
[TimeControl "180+1"]
[EndTime "14:39:36 PDT"]
[Termination "jinbojinbo won by resignation"]

1. d4 f5 2. e4 fxe4 3. Nc3 Nf6 4. f3 d5 5. Bg5 Bf5 6. Nge2 Nc6 7. Ng3 Bg6 8. Bb5 Qd7 9. fxe4 a6 10. Bxc6 Qxc6 11. e5 Nd7 12. O-O O-O-O 13. Qf3 h6 14. Bh4 Nb6 15. Nf5 Bxf5 16. Qxf5+ e6 17. Qf7 g5 18. Bg3 Bb4 19. Rf6 Bxc3 20. bxc3 Qxc3 21. Rd1 Qxc2 22. Qxe6+ Kb8 23. Rdf1 Qe4 24. Bf2 Nc4 25. Rxh6 Ne3 26. Bxe3 Qxe3+ 27. Kh1 Qxd4 28. Rxh8 Rxh8 29. Qf5 g4 30. e6 g3 31. h3 Re8 32. Qf7 Qa4 33. e7 Qd7 34. Re1 d4 35. Qf3 d3 36. Qxg3 d2 37. Rd1 Rxe7 38. Qf2 Rf7 39. Qxd2 Rf1+ 40. Kh2 Rxd1 0-1

[Event "Late-Titled-Tuesday-Blitz-May-14-2024"]
[Site "Chess.com"]
[Date "2024.05.14"]
[Round "4"]
[White "Chessdemon2019"]
[Black "Jarming"]
[Result "0-1"]
[WhiteElo "2464"]
[BlackElo "2677"]
[TimeControl "180+1"]
[EndTime "14:39:36 PDT"]
[Termination "Jarming won by resignation"]

1. e4 e5 2. Nf3 Nc6 3. Bb5 g6 4. O-O Nge7 5. Re1 d6 6. d3 Bg7 7.
Nc3 Bd7 8. a4 O-O 9. Be3 h6 10.
Qd2 Kh7 11. h3 Qc8 12. d4 f5 13. exf5 gxf5 14. dxe5 dxe5 15. Bc5 Rd8 16. Rad1 Ng6 17. Ne2 a6 18. Bc4 b6 19. Ba3 e4 20. Nfd4 Nce5 21. Bd5 c6 22. Bb3 c5 23. Ne6 Bxe6 24. Qxd8 Qxd8 25.
Rxd8 Rxd8 26. Bxe6 Ne7 27. Ng3 Kg6 28. b3 Rd2 29. Re2 Rxe2 30. Nxe2 Kf6 31. Nf4 N7g6 32. Nxg6 Kxe6 33. Nf4+ Kd6 34. Bb2 Nf3+ 35. gxf3 Bxb2 36. fxe4 fxe4 37. Kf1 Ke5 38. Ng2 Bc1 39. Ke2 Kd4 40. Kd1 Bg5 41. h4 Bd8 42. Kd2 Ke5 43. Ke3 Kf5 44. h5 Bg5+ 45. Ke2 Kg4 46. Ne1 Kxh5 47. f3 exf3+ 48. Kxf3 Kg6 49. Nd3 h5 50. Ne5+ Kf5 51.
Nd7 Bd8 52. Nb8 a5 53. Nc6 Bc7 54. c3 Ke6 55. b4 Kd5 56. Na7 axb4 57. cxb4 cxb4 58.
Nb5 Be5 59. a5 bxa5 0-1

[Event "Late-Titled-Tuesday-Blitz-May-14-2024"]
[Site "Chess.com"]
[Date "2024.05.14"]
[Round "4"]
[White "WPWPWP-2015"]
[Black "NateSolon"]
[Result "1-0"]
[WhiteElo "2436"]
[BlackElo "2655"]
[TimeControl "180+1"]
[EndTime "14:39:37 PDT"]
[Termination "WPWPWP-2015 won by checkmate"]

1. e4 c5 2. Nf3 Nf6 3. e5 Nd5 4. Nc3 e6 5. g3 Nc6 6. Bg2 d6 7. exd6 Bxd6 8. O-O O-O 9. d3 Nxc3 10. bxc3 b6 11.
Ng5 Bb7 12. Qh5 h6 13. Ne4 Be7 14. Be3 f5 15. Nd2 Bf6 16. Nb1 Qd7 17. a4 Ne5 18. a5 Bxg2 19. Kxg2 Qc6+ 20. f3 b5 21. a6 Rad8 22.
Ra3 b4 23. Ra5 Nd7 24. c4 Be5 25. Nd2 Bc7 26. Raa1 Nf6 27. Qg6 Be5 28. Bxh6 Ne8 29. Bg5 Bxa1 30. Bxd8 Bd4 31. Bg5 Qxa6 32. Nb3 Qa2 33. Nxd4 cxd4 34. Rf2 Nf6 35. h4 Qa4 36. h5 Qe8 37. Re2 Qxg6 38. hxg6 Re8 39. Re1 Nd7 40. Ra1 Ra8 41. Ra6 Nc5 42. Rc6 a5 43. Rxc5 a4 44. Bc1 a3 45. Rb5 a2 46. Bb2 a1=Q 47.
Bxa1 Rxa1 48. Rb8# 1-0

[Event "Late-Titled-Tuesday-Blitz-May-14-2024"]
[Site "Chess.com"]
[Date "2024.05.14"]
[Round "4"]
[White "gabduschew"]
[Black "lluiss"]
[Result "0-1"]
[WhiteElo "2370"]
[BlackElo "2213"]
[TimeControl "180+1"]
[EndTime "14:39:37 PDT"]
[Termination "lluiss won on time"]

1. e4 c5 2. Nf3 d6 3. d4 cxd4 4. Nxd4 Nf6 5. Bd3 g6 6. c4 Bg7 7. Nc3 O-O 8. O-O Nc6 9. Nc2 Be6 10. Rb1 Rc8 11. b3 a6 12. Kh1 Qa5 13. b4 Qc7 14.
Nd5 Bxd5 15. exd5 Ne5 16. Na3 Nfd7 17. f4 Nxd3 18. Qxd3 Nb6 19. Be3 Nxc4 20. Rbc1 b5 21. f5 Nb2 22. Rxc7 Nxd3 23. Rxe7 Nxb4 24. f6 Bh8 25. Bh6 Rfe8 26. Rd7 Nxd5 27. Rxd6 Nxf6 28. Rxa6 Ng4 29. Bf4 Re2 30. h3 Nf2+ 31. Kh2 Rxa2 32. Ra7 Nd3 33. Be3 Be5+ 34. Kh1 b4 35. Nb5 b3 36.
Raxf7 b2 37. Bh6 Ra1 0-1

[Event "Late-Titled-Tuesday-Blitz-May-14-2024"]
[Site "Chess.com"]
[Date "2024.05.14"]
[Round "4"]
[White "MagnusCarlsen"]
[Black "Anton_Demchenko"]
[Result "1-0"]
[WhiteElo "3221"]
[BlackElo "2874"]
[TimeControl "180+1"]
[EndTime "14:39:39 PDT"]
[Termination "MagnusCarlsen won by resignation"]

1. e4 e5 2. Nf3 Nc6 3. Bb5 a6 4. Ba4 Nge7 5. O-O Ng6 6. Re1 Be7 7. c3 d6 8. d4 Bd7 9. Nbd2 O-O 10.
Nf1 b5 11. Bb3 exd4 12. cxd4 Na5 13. Bc2 c5 14. Ne3 Nc6 15. Nd5 Bg4 16. dxc5 dxc5 17.
h3 Bxf3 18. Qxf3 Nd4 19. Qd1 Bg5 20. Bd3 Ne6 21. Bf1 Rc8 22. a4 c4 23. axb5 axb5 24. b3 c3 25. Bxb5 c2 26. Qg4 Bxc1 27. Raxc1 Nd4 28. Bc4 Ne5 29. Qxc8 Ndf3+ 30. gxf3 Qg5+ 31. Qg4 Nxg4 32. hxg4 h5 33. Rxc2 hxg4 34. f4 Qh4 35. Rc3 Ra8 36. Kg2 Ra2 37. Rg3 g6 38. e5 Kg7 39.
Nf6 Rxf2+ 40. Kxf2 Qh2+ 41. Rg2 Qxf4+ 42. Kg1 g3 43.
Nd5 Qd4+ 44. Kf1 Qh4 45. Re3 Qh1+ 46. Rg1 Qh3+ 47. Ke1 Qh2 48. Rgxg3 Qh1+ 49. Kd2 Qh2+ 50. Kc3 Qh1 51. Rgf3 Qc1+ 52. Kb4 Qd2+ 53. Kb5 Qh2 54. Nc7 f5 55. exf6+ 1-0

[Event "Late-Titled-Tuesday-Blitz-May-14-2024"]
[Site "Chess.com"]
[Date "2024.05.14"]
[Round "4"]
[White "Michalczak"]
[Black "Iuckyducky"]
[Result "1/2-1/2"]
[WhiteElo "2495"]
[BlackElo "2299"]
[TimeControl "180+1"]
[EndTime "14:39:40 PDT"]
[Termination "Game drawn by repetition"]

1. e4 c6 2. d4 d5 3. Nc3 dxe4 4.
Nxe4 Nf6 5. Nxf6+ exf6 6. c3 Bd6 7. Bd3 O-O 8. Qc2 h5 9. Ne2 Re8 10. Be3 Nd7 11. O-O-O b5 12. Kb1 Nb6 13. Bh7+ Kh8 14. Be4 Qc7 15. h3 a5 16. g4 h4 17. Rhe1 Be6 18. Nc1 Nc4 19. d5 cxd5 20. Bxd5 Rab8 21. Bxe6 Rxe6 22. Bd4 b4 23. Rxe6 fxe6 24. Ka1 Ne5 25. Bxe5 Bxe5 26. c4 a4 27. Nd3 b3 28. Qc1 bxa2 29. Nxe5 Qxe5 30. Kxa2 Qe2 31. Rd2 Qf3 32. Qc2 Qxh3 33. Qg6 Qb3+ 34. Kb1 a3 35. Qh5+ Kg8 36.
Qa5 axb2 37. Rd8+ Rxd8 38. Qxd8+ Kh7 39. Qd4 Qb4 40. Qd3+ Kg8 41. g5 fxg5 42. Qe4 Qd2 43. Qxe6+ Kh8 44. Qe8+ Kh7 45. Qh5+ Kg8 46. Qe8+ Kh7 47.
Qh5+ Kg8 48. Qe8+ Kh7 1/2-1/2

[Event "Late-Titled-Tuesday-Blitz-May-14-2024"]
[Site "Chess.com"]
[Date "2024.05.14"]
[Round "4"]
[White "FredddieCroderg"]
[Black "Licancabur"]
[Result "1-0"]
[WhiteElo "2314"]
[BlackElo "2488"]
[TimeControl "180+1"]
[EndTime "14:39:41 PDT"]
[Termination "FredddieCroderg won on time"]

1. e4 Nf6 2. e5 Nd5 3. Nc3 Nxc3 4. dxc3 d6 5. Bc4 Nc6 6. Nf3 dxe5 7. Qe2 f6 8. Nh4 g6 9. Bd2 e6 10. O-O-O Qe7 11. Be3 Bd7 12. Bb5 f5 13. Qd2 f4 14.
Bc5 Qg7 15. Bxf8 Rxf8 16. Nf3 O-O-O 17. Qe2 a6 18. Ba4 Rf5 19. Rd2 Qe7 20. Rhd1 Nb8 21. Bb3 Nc6 22. Ba4 Rff8 23. Bxc6 Bxc6 24. Qxe5 Rxd2 25.
Rxd2 Bxf3 26. gxf3 g5 27. c4 Rd8 28. Rxd8+ Kxd8 29. c5 Kc8 30. b4 Kd7 31. a4 Kc8 32. Kb2 Kb8 33. b5 axb5 34. axb5 Qd7 35. b6 Qb5+ 36. Kc3 Qa5+ 37. Kd3 Qb5+ 38. Kd2 Qa5+ 39. Ke2 Qb5+ 40.
Ke1 Qb1+ 41. Kd2 Qb4+ 42. Kc1 Qa3+ 43. Kd1 Qxf3+ 44. Ke1 Qh1+ 45. Ke2 f3+ 46. Kd2 Ka8 47. Qxc7 1-0

[Event "Late-Titled-Tuesday-Blitz-May-14-2024"]
[Site "Chess.com"]
[Date "2024.05.14"]
[Round "4"]
[White "laskakid"]
[Black "Malev212"]
[Result "0-1"]
[WhiteElo "2387"]
[BlackElo "2614"]
[TimeControl "180+1"]
[EndTime "14:39:42 PDT"]
[Termination "Malev212 won by resignation"]

1. e4 Nc6 2. Nf3 e5 3. d3 Bc5 4. g3 d6 5. Bg2 h5 6. O-O h4 7. gxh4 Bg4 8. Bg5 f6 9. Be3 Rxh4 10. Nbd2 Nge7 11. c3 Bb6 12. Qb3 Rh7 13. d4 Ng6 14.
Qg8+ Nf8 15. Qb3 Qd7 16. d5 Ne7 17. c4 Bh3 18. Bxb6 axb6 19. Ne1 Bxg2 20. Nxg2 Qh3 21.
Qxh3 Rxh3 22. f4 Nd7 23. f5 Kf7 24. Rf3 Rxf3 25. Nxf3 Nc5 26. Nd2 g6 27. fxg6+ Kxg6 28. Kf2 Rh8 29. Kg3 f5 30. Nh4+ Kg5 31. Nxf5 Nxf5+ 32. exf5 Kxf5 33. Rf1+ Kg6 34. h4 Nd3 35. b3 Nf4 36. Ne4 Kf5 37. Ng5 Rg8 38. Kf3 c6 39. dxc6 bxc6 40. b4 d5 41. cxd5 cxd5 42. a4 Rc8 43. a5 Rc3+ 44. Kf2 bxa5 45. bxa5 Ra3 46. Re1 Nd3+ 47. Ke2 Nxe1 48. Kxe1 Rxa5 49. Nf3 Kf4 50. Ke2 Ra2+ 51. Nd2 Rxd2+ 52. Kxd2 Kg4 0-1

[Event "Late-Titled-Tuesday-Blitz-May-14-2024"]
[Site "Chess.com"]
[Date "2024.05.14"]
[Round "4"]
[White "duone"]
[Black "kingofthenil"]
[Result "0-1"]
[WhiteElo "2440"]
[BlackElo "2861"]
[TimeControl "180+1"]
[EndTime "14:39:43 PDT"]
[Termination "kingofthenil won by resignation"]

1. e4 Nc6 2. d4 d5 3. e5 Bf5 4. Nf3 e6 5. Bd3 Nge7 6. O-O f6 7. Re1 Qd7 8. c3 fxe5 9. Nxe5 Nxe5 10. Rxe5 Bxd3 11.
Qxd3 Ng6 12. Re1 Bd6 13. Nd2 Nf4 14. Qe3 O-O 15. Nf3 Qf7 16. g3 Qg6 17. Ne5 Bxe5 18. Qxe5 Rf5 19. Bxf4 Rxe5 20. Rxe5 h6 21. Rae1 Re8 22.
Kg2 Qc2 23. R1e2 Qb1 24. b3 b6 25. c4 dxc4 26. bxc4 Qd3 27. d5 Qxc4 28. dxe6 Re7 29.
R2e4 Qxa2 30. Re2 Qc4 31. Kf3 a5 32. R5e4 Qd5 33. Kg4 a4 34. f3 a3 35. Rd2 Qc6 36.
Kf5 a2 37. Re1 Qb5+ 38. Be5 Qc4 39. Ba1 Qb4 40. Rd8+ Kh7 41. Red1 Qb1+ 42. Ke5 Qg6 43. f4 Qxe6+ 44. Kd4 Rd7+ 45. Rxd7 Qxd7+ 0-1

[Event "Late-Titled-Tuesday-Blitz-May-14-2024"]
[Site "Chess.com"]
[Date "2024.05.14"]
[Round "4"]
[White "Davidalhesa2007"]
[Black "pirulillo"]
[Result "0-1"]
[WhiteElo "1934"]
[BlackElo "2417"]
[TimeControl "180+1"]
[EndTime "14:39:43 PDT"]
[Termination "pirulillo won by checkmate"]

1. d4 Nf6 2. Nc3 d5 3. Bf4 g6 4. e3 Bg7 5. h4 h5 6. Nf3 O-O 7. Qd2 c5 8. dxc5 e6 9. O-O-O Qa5 10. Bd6 Rd8 11. Nd4 Rxd6 12. cxd6 a6 13. Nb3 Qd8 14.
e4 Qxd6 15. exd5 e5 16. f3 Nbd7 17. Ne4 Nxe4 18. fxe4 Nf6 19. Bd3 Bd7 20. Kb1 b6 21. Qe3 a5 22. c4 a4 23. Nd2 Ng4 24. Qg1 Bh6 25. Nf3 Qb4 26. a3 Qd6 27. Ng5 Rb8 28.
Be2 Bf8 29. Rc1 Qc7 30. Rc3 Bc5 31.
Qf1 Be8 32. Bxg4 hxg4 33. h5 Qe7 34. Qc1 f6 35. Ne6 g5 36. h6 Bg6 37. Nxc5 Qxc5 38. Qe1 b5 39. Ka2 b4 40. axb4 Qxb4 41. Ra3 Qxb2# 0-1

[Event "Late-Titled-Tuesday-Blitz-May-14-2024"]
[Site "Chess.com"]
[Date "2024.05.14"]
[Round "4"]
[White "dretch"]
[Black "Dexter_Dyke"]
[Result "1-0"]
[WhiteElo "2876"]
[BlackElo "2592"]
[TimeControl "180+1"]
[EndTime "14:39:45 PDT"]
[Termination "dretch won by resignation"]

1. d4 Nf6 2. c4 c5 3. d5 e5 4. Nc3 d6 5. e4 Be7 6. Be2 Nbd7 7. Nf3 h5 8. Be3 h4 9. h3 Nf8 10. b4 b6 11. bxc5 bxc5 12. Qa4+ Bd7 13. Qa6 Ng6 14.
Rb1 O-O 15. O-O Ne8 16. Rb3 f5 17. exf5 Bxf5 18. Nd2 Bg5 19. Bxg5 Qxg5 20. Nce4 Qd8 21. Bg4 Nf4 22. Bxf5 Rxf5 23. Rb7 Rg5 24. g3 Nxh3+ 25. Kh2 Nxf2 26. Rxf2 hxg3+ 27. Nxg3 Rg6 28. Nf3 Nf6 29. Rg2 e4 30. Ne1 Ng4+ 31. Kg1 Qh4 32. Qa3 Rf8 33.
Rxa7 e3 34. Ra8 Rf6 35. Rxf8+ Rxf8 36. Qd3 Nf2 37. Qg6 Qh1+ 38. Nxh1 Nh3+ 39. Kh2 Rf7 40. Kxh3 1-0

[Event "Late-Titled-Tuesday-Blitz-May-14-2024"]
[Site "Chess.com"]
[Date "2024.05.14"]
[Round "4"]
[White "karinachess1"]
[Black "larsmandreassen"]
[Result "0-1"]
[WhiteElo "2618"]
[BlackElo "2280"]
[TimeControl "180+1"]
[EndTime "14:39:45 PDT"]
[Termination "larsmandreassen won by checkmate"]

1. d4 d5 2. c4 e6 3. Nc3 c5 4. cxd5 cxd4 5. Qxd4 Nc6 6. Qd1 exd5 7. Nf3 d4 8. Ne4 f5 9. Ng3 Nf6 10. e3 Bb4+ 11. Bd2 dxe3 12. fxe3 Bxd2+ 13. Qxd2 Qxd2+ 14. Kxd2 Be6 15. Bb5 O-O-O+ 16. Ke2 Rhe8 17. Rac1 Kb8 18. Bxc6 bxc6 19. Rxc6 Bd5 20. Rc3 f4 21. Nf5 fxe3 22.
Nxe3 Ng4 23. b3 Bb7 24. h3 Ba6+ 25. Ke1 Nxe3 26. Rc1 Nxg2+ 27. Kf2 Nf4 28. Rc2 Rf8 29.
Kg3 Nh5+ 30. Kg4 g6 31. Rc3 Rf4+ 32. Kg5 Rd5+ 33. Kh6 Rf7 34. Rhc1 Nf4 35. Ng5 Rfd7 36. h4 Nd3 37. Rf1 Ne5 38. Rf8+ Kb7 39. Re3 Ng4# 0-1

[Event "Late-Titled-Tuesday-Blitz-May-14-2024"]
[Site "Chess.com"]
[Date "2024.05.14"]
[Round "4"]
[White "subham777"]
[Black "Evgeny81"]
[Result "0-1"]
[WhiteElo "2549"]
[BlackElo "2772"]
[TimeControl "180+1"]
[EndTime "14:39:46 PDT"]
[Termination "Evgeny81 won on time"]

1. e4 e6 2. Nf3 d5 3. Nc3 d4 4.
Ne2 c5 5. d3 Nc6 6. g3 e5 7.
Bg2 Bd6 8. O-O Nf6 9. Ne1 Be6 10. f4 Qc7 11. f5 Bd7 12. c4 dxc3 13. bxc3 c4 14.
d4 O-O-O 15. d5 Nb8 16. Nc2 Na6 17. Be3 Bc5 18. Kh1 Ng4 19. Bxc5 Nxc5 20. h3 h5 21. hxg4 hxg4+ 22. Kg1 Qb6 23. Rb1 Qh6 24. Nc1 Qh2+ 25.
Kf2 Rh3 26. Ne2 Nd3+ 27. Qxd3 cxd3 28. Rh1 dxc2 29. Rbc1 Ba4 30. c4 Qxh1 31. Bxh1 Rd6 32. Nc3 Ra6 33. Nxa4 Rxa4 34. Bg2 Rh6 35. Rxc2 Rha6 36.
Bf1 Rxa2 37. Rxa2 Rxa2+ 38. Be2 a5 39. Ke3 a4 40. Bxg4 f6 41. Kd3 Ra3+ 42. Kc2 Rxg3 43. Bh5 Re3 44. Bf7 b6 45. Be6+ Kc7 46. Kb2 Kd6 47.
Ka2 Kc5 48. Kb2 Rxe4 49. Ka3 Rxc4 50. d6 Rd4 51. d7 b5 52. Kb2 b4 53. Kc2 e4 54.
Kb2 Kb6 55. Kc2 Kc7 0-1

[Event "Late-Titled-Tuesday-Blitz-May-14-2024"]
[Site "Chess.com"]
[Date "2024.05.14"]
[Round "4"]
[White "Pitomina"]
[Black "cukus"]
[Result "1-0"]
[WhiteElo "2534"]
[BlackElo "2347"]
[TimeControl "180+1"]
[EndTime "14:39:46 PDT"]
[Termination "Pitomina won by resignation"]

1. d4 Nf6 2. c4 c5 3. d5 b5 4. cxb5 a6 5. bxa6 Bxa6 6. Nc3 d6 7. e4 Bxf1 8. Kxf1 g6 9. g3 Nbd7 10. Kg2 Bg7 11. Nf3 O-O 12. Qe2 Qb6 13. a4 Rfb8 14. Nb5 Ne8 15. Ra3 Nc7 16. Nxc7 Qxc7 17. b3 Nb6 18.
Nd2 c4 19. Nxc4 Nxc4 20. Qxc4 Qxc4 21. bxc4 Rb4 22. Bg5 f6 23. Be3 Raxa4 24. Rxa4 Rxa4 25. Rc1 Kf7 26. Kf3 f5 27. exf5 gxf5 28. c5 dxc5 29. Rxc5 Be5 30. Rb5 Bd6 31. h3 h5 32. h4 Rc4 33. Ra5 Kf6 34. Ra8 Rg4 35. Bg5+ Ke5 36. Re8 Kxd5 37. Rh8 e5 38. Rxh5 e4+ 39. Ke2 Ke6 40. Rh6+ Kd5 41. Rh5 Ke6 42. Be3 f4 43.
gxf4 Bxf4 44. Rh7 Bxe3 45. Kxe3 Kf5 46. Rh5+ Kf6 47. Kd4 Ke6 48. Re5+ Kf6 49. Rxe4 Rg1 50. Ke3 Kf5 51. Ra4 Rh1 52. Kf3 Kg6 53. Rg4+ Kh5 54. Kf4 Rxh4 55. Rxh4+ Kxh4 56. Ke5 Kh5 57. f4 Kh6 58.
Ke6 Kg7 59. f5 Kf8 60. Kf6 Kg8 61. Ke7 Kg7 62. f6+ Kg6 63. f7 1-0

[Event "Late-Titled-Tuesday-Blitz-May-14-2024"]
[Site "Chess.com"]
[Date "2024.05.14"]
[Round "4"]
[White "Hrant_ChessMood"]
[Black "hblanco"]
[Result "1-0"]
[WhiteElo "2941"]
[BlackElo "2607"]
[TimeControl "180+1"]
[EndTime "14:39:47 PDT"]
[Termination "Hrant_ChessMood won by resignation"]

1. c4 e6 2. g3 d5 3. Bg2 Nf6 4. Nf3 d4 5. O-O Nc6 6. d3 h6 7. e3 Bc5 8. exd4 Nxd4 9. Nc3 O-O 10. Be3 Re8 11. Re1 e5 12. Bxd4 Bxd4 13. Nxd4 Qxd4 14. Nb5 Qb6 15. a4 a6 16. c5 Qxc5 17. Rc1 Qb6 18. Nxc7 Bd7 19. Nxa8 Rxa8 20. Rxe5 Qxb2 21. Re2 Qd4 22.
Bxb7 Rb8 23. Bxa6 Bg4 24. Bb5 Nd5 25. Re4 Qxe4 26. dxe4 Bxd1 27. Rxd1 Nc3 28. Rd4 Nxb5 29. Rb4 Kf8 30. axb5 Rb6 31. f4 Ke7 32. Kf2 Kd6 33.
Ke3 Kc5 34. Rb1 Rxb5 35. Rxb5+ Kxb5 36. Kd4 Kc6 37. Ke5 Kc5 38. g4 Kc6 39. h4 Kd7 40. h5 Ke7 41. Kd5 Kd7 42. e5 Ke7 43. f5 Kd7 44. g5 Ke8 45. f6 gxf6 46. gxh6 Kf8 47. exf6 Kg8 48. Kd6 Kh7 49. Ke7 1-0

[Event "Late-Titled-Tuesday-Blitz-May-14-2024"]
[Site "Chess.com"]
[Date "2024.05.14"]
[Round "4"]
[White "annasargsyan_m"]
[Black "platy3"]
[Result "0-1"]
[WhiteElo "2594"]
[BlackElo "2888"]
[TimeControl "180+1"]
[EndTime "14:39:48 PDT"]
[Termination "platy3 won by resignation"]

1. d4 Nf6 2. c4 e6 3. Nf3 Bb4+ 4. Bd2 a5 5. g3 b6 6. Bg2 Bb7 7. O-O O-O 8. Bxb4 axb4 9. Qb3 Qe7 10. a3 Nc6 11. Nbd2 bxa3 12. bxa3 Ra5 13. c5 bxc5 14. Qxb7 Rb8 15. Qxc7 Ne8 16. Qf4 cxd4 17. Nxd4 Ne5 18. N2f3 f6 19. Rfc1 Nd6 20. Qd2 Ra4 21. Nxe5 fxe5 22. Nf3 e4 23. Ne5 Rb5 24. Rd1 Ra6 25.
f4 exf3 26. Nxf3 Rd5 27. Qf4 Rf5 28. Qe3 Nc4 29. Qd4 d5 30. e4 Rh5 31. exd5 exd5 32. Re1 Qf6 33. Ne5 Nxe5 34. Qxd5+ Kh8 35. Qb3 g6 36. Rf1 Qe7 37. Qe3 Re6 38. Qd4 Rd6 39.
Qf2 Kg7 40. Rae1 Re6 41. h4 Rf5 42. Qd4 Rd6 43. Qe3 Re6 44. Qd4 Rxf1+ 45. Rxf1 Qxa3 46.
Qe4 Qxg3 47. Qf4 Qxf4 48. Rxf4 Ra6 49. Re4 Kf6 50. Rf4+ Ke7 51. Bd5 Ra5 52. Be4 Ra4 53.
Kf2 Nd3+ 0-1

[Event "Late-Titled-Tuesday-Blitz-May-14-2024"]
[Site "Chess.com"]
[Date "2024.05.14"]
[Round "4"]
[White "GrotBchess"]
[Black "GMTalks_Youtube"]
[Result "0-1"]
[WhiteElo "2549"]
[BlackElo "2779"]
[TimeControl "180+1"]
[EndTime "14:39:48 PDT"]
[Termination "GMTalks_Youtube won by checkmate"]

1. e4 e5 2. Nf3 Nc6 3. Bb5 a6 4. Ba4 d6 5. O-O Bd7 6. c4 g5 7.
Nc3 Bg7 8. d3 h6 9. Be3 Nge7 10.
Nd5 Ng6 11. Ne1 O-O 12. Nc2 f5 13. f3 f4 14. Bf2 h5 15. Re1 g4 16. Kf1 Rc8 17. Ke2 Qg5 18. Rg1 Rf7 19. Kd2 Be6 20. Qe2 Rb8 21. Bb3 Na5 22. Raf1 b5 23. Kc1 bxc4 24. Bxc4 Nxc4 25. dxc4 c6 26. Nc3 Rfb7 27.
b3 h4 28. Rd1 Bf8 29. Kb2 a5 30. Ka1 g3 31. hxg3 fxg3 32. Be3 Qf6 33. Qd2 Nf4 34. Ne2 a4 35. Nxf4 exf4+ 36. Bd4 Qg5 37. b4 Bxc4 38. Qc3 d5 39. exd5 Bxd5 40. Rde1 Bxb4 41. Nxb4 Rxb4 42. Re5 Qg6 43. Ree1 Rc4 44. Qd2 Rc2 45. Qxf4 Rxa2# 0-1

[Event "Late-Titled-Tuesday-Blitz-May-14-2024"]
[Site "Chess.com"]
[Date "2024.05.14"]
[Round "4"]
[White "GiorgianBarbosa"]
[Black "chess_sharparchitect"]
[Result "0-1"]
[WhiteElo "2514"]
[BlackElo "2364"]
[TimeControl "180+1"]
[EndTime "14:39:48 PDT"]
[Termination "chess_sharparchitect won by resignation"]

1. e4 c5 2. Nf3 d6 3. d4 cxd4 4.
Nxd4 Nf6 5. Nc3 a6 6. Rg1 e5 7. Nb3 h5 8. Bg5 Be6 9. Qd2 Nbd7 10. O-O-O b5 11. g3 Be7 12. Bxf6 Nxf6 13. f4 Bc4 14. fxe5 dxe5 15. Qg5 Qb6 16. Bxc4 bxc4 17. Nd2 Nxe4 18. Qxg7 Bf6 19. Qxh8+ Bxh8 20. Ndxe4 Rb8 21. Nd6+ Kf8 22. Nxc4 Qb4 23. Ne3 Qxb2+ 24. Kd2 Rd8+ 25. Ncd5 e4 26. Ke2 Bd4 27. Rgf1 Qb5+ 28. c4 Qc5 29. Rd2 Bxe3 30. Nxe3 Rxd2+ 31. Kxd2 Qd4+ 32. Ke2 Qd3+ 33. Kf2 Qd2+ 34.
Kg1 Qxe3+ 35. Kg2 Qe2+ 36. Rf2 Qxc4 37. Rf4 Qxa2+ 38. Kh3 Qc2 39. Kh4 a5 40. Rf5 a4 41.
Kg5 a3 42. Kf6 Qc6+ 43. Ke5 Qe6+ 44. Kf4 Qxf5+ 45. Kxf5 e3 0-1

[Event "Late-Titled-Tuesday-Blitz-May-14-2024"]
[Site "Chess.com"]
[Date "2024.05.14"]
[Round "4"]
[White "Naoki"]
[Black "Agibileg"]
[Result "0-1"]
[WhiteElo "2588"]
[BlackElo "2871"]
[TimeControl "180+1"]
[EndTime "14:39:49 PDT"]
[Termination "Agibileg won by resignation"]

1. b3 e5 2. Bb2 Nc6 3. e3 d5 4. Bb5 Bd6 5. Nf3 Qe7 6. c4 dxc4 7. bxc4 Nf6 8. c5 Bxc5 9. Nxe5 O-O 10. Nxc6 bxc6 11.
Bxc6 Rb8 12. Bc3 Ba6 13. Bf3 Ne4 14. Be2 Qg5 15. Bxa6 Qxg2 16. Rf1 f5 17. Bc4+ Kh8 18. f3 Be7 19. Qe2 Bh4+ 20. Kd1 Nf2+ 21. Kc2 Rfd8 22. Na3 Qxh2 23. Rg1 Bf6 24. Raf1 Qd6 25. Nb1 Nh3 26. Rh1 Ng5 27. Bxf6 gxf6 28. Nc3 Rb4 29. Bb3 c5 30. f4 Ne4 31. Nxe4 fxe4 32. Qh2 Rd7 33. Qe2 c4 34. Rxh7+ Rxh7 35. Bxc4 Qc5 36. Kc3 Qa5 37. Kc2 Qa3 38. Bb3 Rc7+ 39. Kb1 Rxb3+ 40. axb3 Qxb3+ 41. Ka1 Qa3+ 42. Kb1 Rb7+ 43. Kc2 Qb3+ 0-1